 Dungeon Crawl Stone Soup version 0.01-2161-g8ec87df2bd (webtiles) character file.

Game seed: 12445637122910949538, levelgen mode: deterministic

76 KleinerIrrer the Gusty (level 4, 24/24 HPs) Silent Spectre Air Elementalist. Began on July 1, 2020. Got out of the dungeon intact. The game lasted 00:05:18 (724 turns).

KleinerIrrer the Gusty (SSAE)                        Turns: 724, Time: 00:05:18

Health: 24/24      AC:  3    Str:  5    XL:     4 ^: 87
Magic:  7/12       EV: 15    Int: 17    God:
Gold:   39         SH:  0    Dex: 17    Spells: 4/10 levels left

rFire    . . .     Vision   .   e - +0 dagger (acid)
rCold    . . .     Gourm    .   (no weapon)
rNeg     + + +     Faith    .   a - +0 robe
rPois    ∞         Spirit   .   (no helmet)
rElec    .         Reflect  .   (no cloak)
rCorr    .         Harm     .   (no gloves)
MR       .....                  d - +0 pair of boots
Stlth    ++........             (no amulet)
HPRegen  0.18/turn              (no ring)
MPRegen  0.22/turn              (no ring)

@: very slightly contaminated, silenced
A: silence aura, negative energy resistance 3, torment resistance, unbreathing,
petrification resistance, silent casting, insubstantial
a: no special abilities


You escaped.
You were not hungry.

You visited 1 branch of the dungeon, and saw 2 of its levels.

You collected 39 gold pieces.

Inventory:

Weapons
 e - a +0 dagger of caustic ooze (weapon)
 f - a +1 dagger of speed
Armour
 a - a +0 robe (worn)
 d - a +0 pair of boots (worn)
Potions
 b - a potion of agility
 c - 2 potions of haste
 g - a potion of curing


   Skills:
 + Level 2.5 Dodging
 - Level 2.4 Stealth
 + Level 3.6 Spellcasting
 + Level 4.8 Air Magic


You had 4 spell levels left.
You knew the following spells:

 Your Spells              Type           Power        Failure   Level  Hunger
a - Shock                 Air            19 (25)      3%          1    N/A
b - Static Discharge      Air            19 (100)     10%         3    N/A
c - Swiftness             Chrm/Air       11 (100)     12%         2    N/A

Your spell library contained the following spells:

 Spells                   Type           Power        Failure   Level  Hunger
 Airstrike                Air            19 (200)     28%         4    N/A
 Lightning Bolt           Air            19 (200)     58%         5    N/A

Dungeon Overview and Level Annotations

Branches:
Dungeon (2/8)

Altars:


Innate Abilities, Weirdness & Mutations

You are surrounded by an aura of unnatural quiet.
You are immune to poison.
You are immune to negative energy. (rN+++)
You are immune to unholy pain and torment.
You can survive without breathing.
You are immune to petrification.
You can communicate with gods and cast spells while silenced.
Your insubstantial form boosts your evasion and grants immunity to sticky flames, nets and constriction.


Message History

Aim: a ball python (silenced, severely wounded (1/4))
You miscast Shock.
You are very lightly contaminated with residual magic.
You smell ozone.
The ball python barely misses you (0).
Casting: Shock (safe; 3% risk of failure)
Confirm with . or Enter, or press ? or * to list all spells.
Aiming: Shock (safe; 3% risk of failure)
Press: ? - help, Shift-Dir - straight line, f/p - ball python
Aim: a ball python (silenced, severely wounded (1/4))
The zap hits the ball python (3).
You kill the ball python!
(D) Dungeon
Where to? (Enter - D:2, ? - help)
What level of the Dungeon? (default 1, ? - help)
You climb upwards.
There is a stone staircase leading down here.
HP restored.
There is a staircase leading out of the dungeon here.
Are you sure you want to leave the Dungeon?
This will make you lose the game!
You have escaped!

#.###......##..##
########.##.........#..#
#........#P........♣..[##
#..........♣........P...#######
#..........♣...P..P...........#
########..♣..P...P.P.P..####..#
#............PP..# #?.##
##P.♣.P.....P.....###.##
#...P....@....P...#...#
##..P..P.....P.♣.....###
###..............P♣.#..#
#.........P...P.♣P.P##.#
##.##%.♣♣.♣..P.......##.###
####..##.#♣...........P###...#
#††).....##..†.♣♣......# ###†#
..##.#######.♣.P♣P...#.# #.#
.##..# #.#########.# #†##


There were no monsters in sight!

Vanquished Creatures
  A jelly (D:2)
  An ooze (D:1)
  2 dart slugs (D:1)
  A ball python (D:2)
  6 bats (D:1)
  3 giant cockroaches (D:1)
  9 goblins (D:1)
  3 hobgoblins (D:1)
  4 kobolds (D:1)
  3 rats (D:1)
33 creatures vanquished.

Notes
Turn   | Place    | Note
-------+----------+-------------------------------------------
     0 | D:1      | KleinerIrrer the Silent Spectre Air Elementalist began the
                  | quest for the Orb.
     0 | D:1      | Reached XP level 1. HP: 10/10 MP: 6/6
    41 | D:1      | Reached skill level 4 in Air Magic
    54 | D:1      | Reached XP level 2. HP: 12/15 MP: 0/8
   356 | D:1      | Reached XP level 3. HP: 19/19 MP: 1/10
   528 | D:1      | Learned a level 3 spell: Static Discharge
   531 | D:1      | Learned a level 2 spell: Swiftness
   704 | D:2      | Reached XP level 4. HP: 24/24 MP: 5/12
   724 | D:$      | Got out of the dungeon intact.

Levels and vault maps discovered:
D:1:      wander_arrival_fairy_ring, layout_rooms
D:2:      layout_sewer, chequers_ecumenical_altar_island, uniq_duvessa,
          uniq_pikel, uniq_edmund

Skill      XL: |  1  2  3 |
---------------+----------+-----
Air Magic      | 4 |  4.8
Spellcasting   | 3 |  3.6
Dodging        | |  2.5
Stealth        | |  2.4

Action                   |  1- 3 |  4- 6 || total
-------------------------+-------+-------++-------
Melee: Dagger            |     1 |       ||     1
 Cast: Shock             |    73 |     3 ||    76
Armor: Robe              |     2 |       ||     2
Dodge: Dodged            |    14 |     2 ||    16
